 Dungeon Crawl Stone Soup version 0.19.1 (webtiles) character file.

6811 RKaid the Severer (level 10, -11/129 HPs)
             Began as a Minotaur Berserker on Dec 19, 2016.
             Was a High Priest of Trog.
             Mangled by a komodo dragon (17 damage)
             ... on level 1 of the Lair of Beasts.
             The game lasted 00:11:38 (8450 turns).

RKaid the Severer (Minotaur Berserker)              Turns: 8450, Time: 00:11:39

Health: -11/129    AC: 10    Str: 30    XL:     10   Next: 77%
Magic:  0/9        EV: 12    Int:  4    God:    Trog [*****.]
Gold:   376        SH:  0    Dex: 10    Spells: 0 memorised, 9 levels left

rFire  + . .     SeeInvis .     E - +1 war axe
rCold  . . .     Gourm    .     y - +1 leather armour of the Poles {rF+ MR+}
rNeg   . . .     Faith    .     (no shield)
rPois  .         Spirit   +     (helmet restricted)
rElec  .         Reflect  .     k - +0 cloak
rCorr  .         Harm     .     B - +2 pair of gloves
MR     +....                    A - +0 pair of boots
Stlth  ..........               q - amulet of guardian spirit {Spirit}
                                (no ring)
                                (no ring)

@: berserking, very quick
A: retaliatory headbutt, horns 2
a: Berserk, Trog's Hand, Brothers in Arms, Burn Spellbooks, Renounce Religion


You were on level 1 of the Lair of Beasts.
You worshipped Trog.
Trog was extremely pleased with you.
You were not hungry.

You visited 2 branches of the dungeon, and saw 10 of its levels.

You collected 484 gold pieces.
You spent 108 gold pieces at shops.

Inventory:

Hand Weapons
 a - a +0 hand axe
 E - a +1 war axe (weapon)
   (You took it off an orc on level 6 of the Dungeon)
Missiles
 G - a throwing net {=f}
Armour
 k - a +0 cloak (worn)
   (You found it on level 2 of the Dungeon)
 r - a +0 ring mail
   (You found it on level 1 of the Dungeon)
 y - the +1 leather armour of the Poles (worn) {rF+ MR+}
   (You found it on level 4 of the Dungeon)

   It protects you from fire.
   It affects your resistance to hostile enchantments.
 A - a +0 pair of boots (worn)
   (You found it on level 4 of the Dungeon)
 B - a +2 pair of gloves (worn)
   (You found it on level 5 of the Dungeon)
Jewellery
 l - an uncursed ring of ice {rC+, rF-}
   (You found it on level 2 of the Dungeon)
 q - an amulet of guardian spirit (around neck) {Spirit}
   (You found it on level 2 of the Dungeon)
 v - an uncursed amulet of rage {unknown}
   (You found it on level 8 of the Dungeon)
 O - an uncursed ring of protection from fire {unknown}
   (You found it on level 1 of the Lair of Beasts)
Wands
 D - a wand of polymorph (10/24)
   (You found it on level 8 of the Dungeon)
 F - a wand of lightning (12/15)
   (You found it on level 6 of the Dungeon)
 K - a wand of lightning (12/15)
   (You found it on level 1 of the Lair of Beasts)
 L - a wand of random effects (26/48)
   (You found it on level 1 of the Lair of Beasts)
 N - a wand of flame (34/48)
   (You found it on level 1 of the Lair of Beasts)
Scrolls
 b - 2 scrolls of enchant weapon
 d - 4 scrolls of remove curse
 f - 8 scrolls of teleportation
 g - a scroll of recharging
 h - 2 scrolls of enchant armour
 j - 3 scrolls of magic mapping {!r}
 o - a scroll of identify
 w - 4 scrolls of fog
Potions
 e - 2 potions of flight {unknown}
 i - 5 potions of curing {unknown}
 n - 2 potions of lignification {unknown}
 s - a potion of agility {unknown}
 u - a potion of berserk rage {unknown}
 x - a potion of ambrosia
 z - 2 potions of might
 C - a potion of mutation {unknown}
Books
 m - a book of Conjurations
   (You found it on level 8 of the Dungeon)
Comestibles
 c - 8 bread rations
 t - 3 meat rations
 H - 7 beef jerkies


   Skills:
 + Level 7.0 Fighting
 - Level 16.8 Axes
 + Level 6.4 Armour
 - Level 2.1 Dodging


You had 9 spell levels left.
You didn't know any spells.

Dungeon Overview and Level Annotations

Branches:
Dungeon (9/15)             Temple (0/1) D:4            Lair (1/6) D:8
    Orc: D:9-12

Altars:
Fedhas
Hepliaklqana
Makhleb
Trog
Vehumet
Yredelemnul

Shops:
D:8 *


Innate Abilities, Weirdness & Mutations

You reflexively headbutt those who attack you in melee.
You have a pair of horns on your head.


Message History

You headbutt the porcupine, but do no damage.
All of the chunks of flesh in your inventory have rotted away.
You slash the porcupine! The porcupine closely misses you.
You hit the porcupine. You headbutt the porcupine.
You kill the porcupine!
Trog accepts your kill.
Your Fighting skill increases to level 6!
No target in view!
No target in view!
f - 8 scrolls of teleportation (gained 1)
You now have 376 gold pieces (gained 21).
t - 3 meat rations (gained 1) Marking area around the seven-headed hydra as unsafe for travelling.
A seven-headed hydra comes into view.
The seven-headed hydra roars!
Unknown command.
Unknown command.
Unknown command.
Search for what [Enter for "axe", or ? for help]? axe Unknown command.
You are feeling hungry.
There is a shaft here.
A red film seems to cover your vision as you go berserk!
You feel yourself moving faster!
You feel mighty!
You are near starving!
You lop one of the seven-headed hydra's heads off!
The six-headed hydra grows two more!
You slash the eight-headed hydra!
You chop one of the eight-headed hydra's heads off!
The seven-headed hydra grows two more!
You slash the nine-headed hydra! You headbutt the nine-headed hydra!
The nine-headed hydra barely misses you.
The nine-headed hydra bites you. The nine-headed hydra bites you! x2
The nine-headed hydra misses you. The nine-headed hydra bites you!
The nine-headed hydra closely misses you.
The nine-headed hydra bites you! x2
You lop one of the nine-headed hydra's heads off!
The eight-headed hydra grows two more!
You slash the ten-headed hydra!
You hack one of the ten-headed hydra's heads off!
The nine-headed hydra grows two more!
You slice the 11-headed hydra!! The 11-headed hydra barely misses you.
You furiously retaliate!
You headbutt the 11-headed hydra! The 11-headed hydra bites you.
The 11-headed hydra bites you but does no damage. x2
The 11-headed hydra bites you!
The 11-headed hydra bites you but does no damage. x2
The 11-headed hydra bites you. The 11-headed hydra bites you!
The 11-headed hydra bites you but does no damage.
The 11-headed hydra bites you!
* * * LOW HITPOINT WARNING * * *
You chop one of the 11-headed hydra's heads off!
The ten-headed hydra grows two more!
You slash the 12-headed hydra!
You slice one of the 12-headed hydra's heads off!
The 11-headed hydra grows two more!
You slice the 13-headed hydra!!
You kill the 13-headed hydra!
Trog accepts your kill.
Your Fighting skill increases to level 7!
Your Armour skill increases to level 6!
You feel a strong urge to attack something.
You feel your anger subside.
You are no longer berserk.
Trog's vigour flows through your veins.
You are exhausted.
You feel yourself slow down.
There is a stone staircase leading down here.
You start resting.
You feel yourself speed up.
You start resting.
You feel less exhausted.
You start resting.
You are starving!
You're too hungry to rest.
You start eating one of the 4 slices of pizza.
You are feeling hungry.
Mmm...
Pepperoni.
You start eating one of the 3 slices of pizza.
Mmm...
Pepperoni.
You start eating one of the 2 slices of pizza.
Mmm...
That's the fabled Pandemonium Pizza!
You start eating the slice of pizza.
Mmm...
Mushroom.
Blink to where?
Press: ? - help, Dir - move target cursor You are very lightly contaminated with residual magic.
As you read the scroll labeled SAIFAYTOTO, it crumbles to dust.
It was a scroll of blinking.
As you read the scroll labeled ZIRUEDGHUCHI, it crumbles to dust.
Your body is wracked with pain!
It was a scroll of torment.
You start resting.
A komodo dragon comes into view.
A komodo dragon is nearby!
The komodo dragon hisses angrily.
The komodo dragon bites you!!
* * * LOW HITPOINT WARNING * * *
The komodo dragon bites you!
* * * LOW HITPOINT WARNING * * *
A red film seems to cover your vision as you go berserk!
You feel yourself moving faster!
You feel mighty!
You feel a lot more hungry. The komodo dragon bites you!
* * * LOW HITPOINT WARNING * * *
Your magical contamination has completely faded away.
You closely miss the komodo dragon. The komodo dragon bites you!
You die...

..........##.## ####.######.#...#
..........##..# #....##.##.......
.........##P.## #..##...#..#.....
........###.+.####.####...##P....
........##......###.##.##.###....
.......##.......###....######.#..
......##......#..#.#.### #.#.....
......#..##...#...#### ##......
......#.........@.## ##.....
.....#.........#l..########.#....
.....#..#..⌠.⌠.##..##.⌠.#..#.....
.....#..........#................
........#...>...#..+..>.⌠......P.
.....#..#..........#.....#.....#.
........##.⌠.⌠.#...##.⌠.#........
.....##..#........###.##.........
....................###..........


You could see a komodo dragon.

Vanquished Creatures
  A hydra (Lair:1)
  Pikel (D:5)
  Grinder (D:5)
  2 hippogriffs (D:7)
  Sigmund (D:3)
  6 yaks (Lair:1)
  Eustachio (D:4)
  A basilisk (Lair:1)
  A hungry ghost (D:8)
  The ghost of asegelite the Bolt Thrower, an amateur KoHu (D:7)
  3 water moccasins
  A porcupine (Lair:1)
  An orc warrior (D:6)
  A black bear (D:8)
  2 sky beasts
  2 phantoms (D:8)
  A necrophage (D:6)
  3 ogres
  2 crocodiles (Lair:1)
  4 centaurs
  A wyvern zombie (D:8)
  Blork the orc (D:5)
  A bullfrog (D:4)
  A scorpion (D:7)
  3 howler monkeys (D:6)
  9 wights
  3 crimson imps
  A centaur zombie (D:8)
  A quasit (D:8)
  3 bullfrog skeletons
  3 hounds
  3 jellies
  2 orc priests
  6 orc wizards
  6 worker ants
  3 iguanas
  A hound zombie (D:6)
  10 adders
  5 worms
  3 dart slugs
  6 leopard geckos
  24 orcs
  2 ball pythons
  6 bats
  5 giant cockroaches
  2 hobgoblins
  3 jackals
  8 kobolds
  3 quokkas
  A ball python skeleton (D:4)
  7 frilled lizards
  6 goblins (D:1)
  A jackal skeleton (D:4)
  3 quokka skeletons
  5 rats
  A butterfly (D:3)
185 creatures vanquished.

Notes
Turn   | Place    | Note
-------+----------+-------------------------------------------
     0 | D:1      | RKaid the Minotaur Berserker began the quest for the Orb.
     0 | D:1      | Reached XP level 1. HP: 19/19 MP: 0/0
    23 | D:1      | Reached skill level 4 in Axes
    79 | D:1      | Reached XP level 2. HP: 23/26 MP: 1/1
   465 | D:1      | Reached skill level 5 in Axes
   504 | D:1      | Reached XP level 3. HP: 31/31 MP: 2/2
   889 | D:2      | Reached ** piety under Trog
  1744 | D:3      | Noticed Sigmund
  1753 | D:3      | Killed Sigmund
  1753 | D:3      | Reached skill level 7 in Axes
  1753 | D:3      | Reached XP level 4. HP: 39/39 MP: 3/3
  1753 | D:3      | Reached XP level 5. HP: 45/45 MP: 4/4
  2271 | D:3      | Reached skill level 8 in Axes
  2454 | D:4      | Reached XP level 6. HP: 34/51 MP: 5/5
  2467 | D:4      | HP: 12/51 [poisoned by a worker ant]
  2472 | D:4      | HP: 11/51 [poisoned by a worker ant]
  2478 | D:4      | HP: 11/51 [poisoned by a worker ant]
  2854 | D:4      | Found a staircase to the Ecumenical Temple.
  2886 | D:4      | Reached *** piety under Trog
  3008 | D:4      | Reached skill level 9 in Axes
  3139 | D:4      | Found a bloodstained altar of Trog.
  3165 | D:4      | Got a jewelled leather armour
  3224 | D:4      | Noticed Eustachio
  3245 | D:4      | Killed Eustachio
  3245 | D:4      | Reached skill level 10 in Axes
  3245 | D:4      | Reached XP level 7. HP: 49/57 MP: 6/6
  3291 | D:4      | Identified the cursed +1 leather armour of the Poles {rF+ MR+} (You found it on level 4 of the Dungeon)
  3427 | D:4      | Found a radiant altar of Vehumet.
  3644 | D:5      | Entered Level 5 of the Dungeon
  3706 | D:5      | Reached skill level 11 in Axes
  4127 | D:5      | Noticed Blork the orc
  4134 | D:5      | Killed Blork the orc
  4134 | D:5      | Reached XP level 8. HP: 64/64 MP: 7/7
  4157 | D:5      | Noticed Pikel
  4170 | D:5      | Killed Pikel
  4170 | D:5      | Reached skill level 12 in Axes
  4223 | D:5      | Reached skill level 13 in Axes
  4386 | D:5      | Found a basalt altar of Yredelemnul.
  4386 | D:5      | Noticed Grinder
  4394 | D:5      | Killed Grinder
  4394 | D:5      | Reached **** piety under Trog
  5077 | D:6      | Reached XP level 9. HP: 70/70 MP: 8/8
  5092 | D:6      | Reached skill level 14 in Axes
  5099 | D:6      | HP: 25/105 [ogre/giant spiked club (23)]
  5843 | D:7      | Noticed asegelite's ghost (amateur KoHu)
  5854 | D:7      | Killed asegelite's ghost
  5854 | D:7      | Reached skill level 15 in Axes
  6413 | D:7      | Reached skill level 16 in Axes
  6574 | D:8      | Found a blossoming altar of Fedhas.
  6595 | D:8      | Reached XP level 10. HP: 77/77 MP: 9/9
  6653 | D:8      | Found a burning altar of Makhleb.
  6653 | D:8      | Found a hazy altar of Hepliaklqana.
  6668 | D:8      | Found Qehosum's General Store.
  6677 | D:8      | Bought a potion of might for 48 gold pieces
  6677 | D:8      | Bought a scroll of identify for 24 gold pieces
  6677 | D:8      | Bought a scroll of teleportation for 36 gold pieces
  6689 | D:8      | Found a staircase to the Lair.
  6696 | D:8      | You fall through a shaft!
  6724 | D:8      | HP: 17/77 [wight/glaive (9)]
  7551 | D:8      | Reached ***** piety under Trog
  7756 | Lair:1   | Entered Level 1 of the Lair of Beasts
  7763 | Lair:1   | Reached skill level 4 in Fighting
  7763 | Lair:1   | Reached skill level 3 in Armour
  7768 | Lair:1   | Reached skill level 4 in Armour
  7771 | Lair:1   | Reached skill level 5 in Fighting
  8023 | Lair:1   | Reached skill level 5 in Armour
  8106 | Lair:1   | Reached skill level 6 in Fighting
  8237 | Lair:1   | Noticed a seven-headed hydra
  8261 | Lair:1   | HP: 31/124 [11-headed hydra (9)]
  8263 | Lair:1   | Killed a 13-headed hydra
  8263 | Lair:1   | Reached skill level 7 in Fighting
  8263 | Lair:1   | Reached skill level 6 in Armour
  8447 | Lair:1   | HP: 21/86 [komodo dragon (25)]
  8448 | Lair:1   | HP: 10/86 [komodo dragon (11)]
  8450 | Lair:1   | Mangled by a komodo dragon

Skill      XL: |  1  2  3  4  5  6  7  8  9 10 |
---------------+-------------------------------+-----
Axes           | 4 5 7 8 10 11 13 16 | 16.8
Fighting       | 7 |  7.0
Armour         | 6 |  6.4
Dodging        | |  2.1

Action                   |  1- 3 |  4- 6 |  7- 9 | 10-12 || total
-------------------------+-------+-------+-------+-------++-------
Melee: Hand axe          |    94 |   110 |   130 |       ||   334
       Headbutt          |    16 |    12 |    55 |    22 ||   105
       War axe           |       |       |   139 |    99 ||   238
Invok: Berserk           |     1 |     4 |     5 |     3 ||    13
       Burn Spellbooks   |       |       |     1 |       ||     1
  Use: Scroll            |       |       |    14 |     2 ||    16
 Stab: Sleeping          |     1 |       |       |       ||     1
  Eat: Chunk             |     3 |     8 |    15 |     5 ||    31
       Beef jerky        |       |       |     1 |       ||     1
       Pizza             |       |       |       |     4 ||     4
       Fruit             |       |       |       |     2 ||     2
Armor: Animal skin       |    15 |       |       |       ||    15
       Ring mail         |     6 |    27 |       |       ||    33
       Leather armour    |       |       |    54 |    25 ||    79
Dodge: Dodged            |    59 |    59 |   125 |    46 ||   289

Vault maps used:
D:1:      saegor_arrival_simple_c, minmay_pentomino_x4
D:2:      kennysheep_generic_room_4
D:3:      wad_river_or_something, hangedman_glass_garden, st_stairs_1,
          minmay_misc_feat_nine_boxes, minmay_misc_feat_secret_circle,
          minivault_27, uniq_sigmund
D:4:      minmay_diamond_boxcup, bloody_trog, vehumet_crystals, first_bread,
          minmay_misc_feat_rows, minmay_hedge_maze, minivault_27, uniq_eustachio
D:5:      serial_corexii_hall, corexii_hall_statues_l, corexii_hall_statues_x,
          corexii_hall_statues_i, basic_altar, uniq_pikel, uniq_blork_the_orc,
          uniq_grinder
D:7:      grunt_ogre_cave
D:8:      fedhas_altar_2, chequers_temple_overflow_statue_of_worship,
          lair_0_dummy, serial_shops, shop, kennysheep_generic_room_11
D:9:      erik_orc_1
Lair:1:   grunt_megastairs_2

Table legend:
 A = Turns spent in this place as a percentage of turns spent in the entire game.
 B = Non-inter-level travel turns spent in this place as a percentage of non-inter-level travel turns spent in the entire game.
 C = Inter-level travel turns spent in this place as a percentage of turns spent in this place.
 D = Turns resting spent in this place as a percentage of non-inter-level travel turns spent in this place.
 E = Turns spent auto-exploring this place as a percentage of non-inter-level travel turns spent in this place.
 F = Non-inter-level travel turns spent in this place divided by the number of levels of this place that you've seen.
                   A       B       C       D       E      F
               +-------+-------+-------+-------+-------+----------------------
         Total | 100.0 | 100.0 |   0.6 |   3.7 |  11.4 | 195.1
       Dungeon |  91.5 |  91.4 |   0.6 |   3.6 |  11.8 | 198.2
          Lair |   8.5 |   8.6 |   0.0 |   4.8 |   7.2 | 167.0
               +-------+-------+-------+-------+-------+----------------------

Table legend:
 A = Kills in this place as a percentage of kills in entire the game.
 B = Kills by you in this place as a percentage of kills by you in the entire game.
 C = Kills by friends in this place as a percentage of kills by friends in the entire game.
 D = Other kills in this place as a percentage of other kills in the entire game.
 E = Experience gained in this place as a percentage of experience gained in the entire game.
 F = Experience gained in this place divided by the number of levels of this place that you have seen.
                   A       B       C       D       E      F
               +-------+-------+-------+-------+-------+----------------------
         Total | 100.0 | 100.0 |  -nan |  -nan | 100.0 | 973.1
       Dungeon |  92.9 |  92.9 |  -nan |  -nan |  68.4 | 739.2
          Lair |   7.1 |   7.1 |  -nan |  -nan |  31.6 | 3078.0
               +-------+-------+-------+-------+-------+----------------------
